 Dungeon Crawl Stone Soup version 0.27.1 (webtiles) character file.

Game seed: 13495367641216660297

3680 Renzlar the Blocker (level 10, 41/81 HPs)
             Began as a Gnoll Fighter on Sept 5, 2021.
             Was a Priest of Okawaru.
             Quit the game on level 8 of the Dungeon.
             The game lasted 00:22:54 (8598 turns).

Renzlar the Blocker (Gnoll Fighter)                 Turns: 8598, Time: 00:22:54

Health: 41/81      AC: 15    Str: 18    XL:     10   Next: 13%
Magic:  17/17      EV:  8    Int:  8    God:    Okawaru [***...]
Gold:   296        SH: 11    Dex: 12    Spells: 19/19 levels left

rFire    . . .     SeeInvis .   a - +2 war axe (vorpal)
rCold    . . .     Faith    .   b - +0 kite shield
rNeg     . . .     Spirit   .   u - +0 chain mail
rPois    .         Reflect  .   i - +0 helmet
rElec    .         Harm     .   (no cloak)
rCorr    .         Rampage  .   g - +0 pair of gloves
Will     .....                  n - +0 pair of boots
Stlth    ..........             (no amulet)
HPRegen  0.23/turn              (no ring)
MPRegen  0.15/turn              (no ring)

@: no status effects
A: fangs 1, strong nose, distributed training
a: Renounce Religion, Heroism


You were on level 8 of the Dungeon.
You worshipped Okawaru.
Okawaru was most pleased with you.
You visited 2 branches of the dungeon, and saw 9 of its levels.

You collected 296 gold pieces.

Inventory:

Hand Weapons
 a - a +2 vorpal war axe (weapon)
 c - a +0 hunting sling
 l - a +1 spear of freezing
 p - the +0 flail "Jellyslayer" {drain, Int+2}
   (You took it off a kobold on level 4 of the Dungeon)

   A truly terrible weapon, it drains the life of any living foe it strikes.
   Int:       It affects your intelligence (+2).
 q - a +0 hand crossbow
 D - a +4 short sword
Missiles
 e - 84 bolts
 k - 60 sling bullets
 m - 2 throwing nets
 o - 224 stones (quivered)
 v - 27 poisoned darts
 E - a curare-tipped dart
Armour
 b - a +0 kite shield (worn)
 g - a +0 pair of gloves (worn)
 i - a +0 helmet (worn)
 n - a +0 pair of boots (worn)
 u - a +0 chain mail (worn)
Jewellery
 x - a ring of flight
Wands
 A - a wand of polymorph (11)
 C - a wand of digging (6)
 F - a wand of acid (5)
Scrolls
 s - 3 scrolls of enchant weapon
 t - a scroll of amnesia
 y - a scroll of fog
Potions
 d - 3 potions of might
 f - 3 potions of heal wounds
 h - 2 potions of haste {unknown}
 j - 2 potions of degeneration {unknown}
 r - a potion of mutation
 w - a potion of magic {unknown}
 z - a potion of curing {unknown}
 B - a potion of brilliance {unknown}


   Skills:
 + Level 8.3 Fighting
 + Level 5.0 Short Blades
 + Level 5.0 Long Blades
 + Level 6.8 Axes
 + Level 5.0 Maces & Flails
 + Level 5.0 Polearms
 + Level 5.0 Staves
 + Level 5.0 Slings
 + Level 5.0 Bows
 + Level 5.0 Crossbows
 + Level 5.0 Throwing
 + Level 8.3 Armour
 + Level 5.0 Dodging
 + Level 5.0 Stealth
 + Level 8.3 Shields
 + Level 5.0 Unarmed Combat
 + Level 5.0 Spellcasting
 + Level 4.1 Conjurations
 + Level 4.1 Hexes
 + Level 4.1 Summonings
 + Level 4.1 Necromancy
 + Level 4.1 Translocations
 + Level 4.1 Transmutations
 + Level 4.1 Fire Magic
 + Level 4.1 Ice Magic
 + Level 4.1 Air Magic
 + Level 4.1 Earth Magic
 + Level 4.1 Poison Magic
 + Level 5.4 Invocations
 + Level 5.0 Evocations


You had 19 spell levels left.
You didn't know any spells.
Your spell library contained the following spells:

 Spells                   Type           Power      Damage    Failure   Level
 Animate Skeleton         Necr           16%        N/A       73%         1
 Freeze                   Ice            32%        1d5       73%         1
 Pain                     Necr           32%        1d5       73%         1
 Dazzling Flash           Conj/Hex       16%        N/A       97%         3
 Frozen Ramparts          Ice            16%        1d3       97%         3
 Vampiric Draining        Necr           4%         2d6       97%         3
 Hailstorm                Conj/Ice       8%         3d4       100%        4
 Agony                    Necr           8%         N/A       100%        5
 Silence                  Hex/Air        4%         N/A       100%        5
 Summon Forest            Summ/Tloc      4%         N/A       100%        5
 Eringya's Noxious Bog    Tmut/Pois      4%         N/A       100%        6
 Summon Hydra             Summ           4%         N/A       100%        7


Dungeon Overview and Level Annotations

Branches:
Dungeon (8/15)             Temple (1/1) D:6
   Lair: D:8-11

Altars:
Ashenzari
Cheibriados
Dithmenos
Elyvilon
Fedhas
Gozag
Hepliaklqana
Kikubaaqudgha
Makhleb
Nemelex Xobeh
Okawaru
Qazlal
Sif Muna
Trog
Uskayaw
Vehumet
Wu Jian
Xom
Yredelemnul
Zin
The Shining One

Shops:
D:1 ?   D:6 [![


Innate Abilities, Weirdness & Mutations

You have very sharp teeth.
Your uncanny sense of smell can sniff out nearby items.
Your experience applies equally to all skills.


Message History

You miss the killer bee.
You feel sick.
You are no longer poisoned.
You block the killer bee's attack.
The killer bee stings you but does no damage.
You closely miss the killer bee.
The killer bee stings you but does no damage.
The killer bee stings you. You block the killer bee's attack.
You miss the killer bee.
The killer bee stings you but does no damage.
The killer bee completely misses you. The killer bee stings you.
You are poisoned.
The killer bee poisons you!
You miss the killer bee. You bite the killer bee.
The killer bee is lightly wounded.
You feel very sick. You block the killer bee's attack. x2
You miss the killer bee.
The killer bee is lightly wounded.
You feel sick.
The killer bee stings you but does no damage. x3
A wight comes into view. It is wielding a +0 scimitar.
You barely miss the killer bee. Your bite misses the killer bee.
You hit the wight.
You feel sick. You block the killer bee's attack.
The killer bee stings you but does no damage.
The wight barely misses you. The killer bee barely misses you.
You miss the killer bee. You hit the wight.
You feel sick.
The killer bee stings you but does no damage.
The killer bee stings you. The wight barely misses you.
The killer bee closely misses you. The wight hits you but does no damage.
You barely miss the killer bee. You closely miss the wight.
You feel sick. You block the killer bee's attack. The killer bee stings you.
The wight hits you but does no damage.
You hit the killer bee. Your bite misses the killer bee.
The killer bee is lightly wounded.
You closely miss the wight.
You feel sick.
You are no longer poisoned.
The killer bee stings you but does no damage. x2
You block the wight's attack.
The killer bee stings you but does no damage.
Are you sure you want to abandon this character and quit the game? (Confirm with "yes".)

∆
.####.))##########.##.
............#..........
#...##...##.#..####.#.†
### ####.. #.........#
#.#.. .. ... ..
#...#####.# #....
#.##.#####. #...# #
#.##.
#...........##...#
...##.
#.<............z.#
######.
##.#[######.##@#.# #.


oo# # # #y#... #. #### #y####.# #. #y# # #.# ... #.# #.# You could see 3 killer
bees and a wight.

Vanquished Creatures
  A cyclops (D:8)
  A centaur zombie (D:7)
  Eustachio (D:4)
  A water moccasin (D:8)
  An ice beast (D:7)
  A sky beast (D:6)
  2 black bears
  2 necrophages
  An ogre (D:6)
  A hornet zombie (D:7)
  A centaur (D:5)
  2 kobold brigands
  3 bullfrogs
  A wyvern zombie (D:8)
  A gnoll sergeant (D:7)
  2 scorpions
  7 wights
  2 howler monkeys
  A bullfrog skeleton (D:4)
  A hound (D:4)
  2 gnoll shamans
  An orc priest (D:4)
  A jelly (D:5)
  2 centaur skeletons
  Jessica (D:2)
  3 iguanas
  9 orc wizards
  A killer bee zombie (D:8)
  2 hound zombies (D:5)
  A howler monkey zombie (D:6)
  Robin (D:2)
  19 gnolls
  7 adders
  2 white imps (D:5)
  A worm (D:2)
  4 dart slugs
  13 orcs
  5 ball pythons
  5 bats
  3 endoplasms
  A giant cockroach (D:4)
  10 hobgoblins
  8 jackals
  9 quokkas
  4 frilled lizards
  9 goblins
  4 kobolds
  4 rats
165 creatures vanquished.

Notes
Turn   | Place    | Note
-------+----------+-------------------------------------------
     0 | D:1      | Renzlar the Gnoll Fighter began the quest for the Orb.
     0 | D:1      | Reached XP level 1. HP: 23/23 MP: 1/1
    64 | D:1      | Found Allawoira's Magic Scroll Shoppe.
   179 | D:1      | Reached XP level 2. HP: 29/29 MP: 2/2
   477 | D:1      | Reached XP level 3. HP: 26/35 MP: 3/3
   810 | D:2      | Reached skill level 1 in Invocations
  1156 | D:2      | Noticed Jessica
  1165 | D:2      | Killed Jessica
  1166 | D:2      | Reached skill level 1 in Short Blades
  1166 | D:2      | Reached skill level 1 in Long Blades
  1166 | D:2      | Reached skill level 1 in Maces & Flails
  1166 | D:2      | Reached skill level 1 in Polearms
  1166 | D:2      | Reached skill level 1 in Staves
  1166 | D:2      | Reached skill level 1 in Slings
  1166 | D:2      | Reached skill level 1 in Bows
  1166 | D:2      | Reached skill level 1 in Crossbows
  1166 | D:2      | Reached skill level 1 in Throwing
  1166 | D:2      | Reached skill level 1 in Dodging
  1166 | D:2      | Reached skill level 1 in Stealth
  1166 | D:2      | Reached skill level 1 in Unarmed Combat
  1166 | D:2      | Reached skill level 1 in Spellcasting
  1166 | D:2      | Reached skill level 1 in Evocations
  1166 | D:2      | Reached XP level 4. HP: 41/41 MP: 5/5
  1259 | D:2      | Noticed Robin
  1271 | D:2      | Killed Robin
  1272 | D:2      | Reached skill level 1 in Conjurations
  1272 | D:2      | Reached skill level 1 in Hexes
  1272 | D:2      | Reached skill level 1 in Summonings
  1272 | D:2      | Reached skill level 1 in Necromancy
  1272 | D:2      | Reached skill level 1 in Translocations
  1272 | D:2      | Reached skill level 1 in Transmutations
  1272 | D:2      | Reached skill level 1 in Fire Magic
  1272 | D:2      | Reached skill level 1 in Ice Magic
  1272 | D:2      | Reached skill level 1 in Air Magic
  1272 | D:2      | Reached skill level 1 in Earth Magic
  1272 | D:2      | Reached skill level 1 in Poison Magic
  1756 | D:2      | Reached XP level 5. HP: 42/47 MP: 6/6
  2995 | D:4      | Noticed Eustachio
  3019 | D:4      | Killed Eustachio
  3020 | D:4      | Reached skill level 5 in Axes
  3020 | D:4      | Reached XP level 6. HP: 22/53 MP: 7/9
  3113 | D:4      | Identified the +0 flail "Jellyslayer" {drain, Int+2}
  3284 | D:4      | Reached XP level 7. HP: 29/59 MP: 10/10
  4096 | D:5      | Entered Level 5 of the Dungeon
  4331 | D:5      | Reached XP level 8. HP: 67/67 MP: 12/12
  5336 | D:6      | Found Saerhapp's Distillery.
  5501 | D:6      | Found Jefuroiz's Armour Boutique.
  5722 | D:6      | Found Bemes's Armour Shoppe.
  5846 | D:6      | Found a staircase to the Ecumenical Temple.
  5853 | Temple   | Entered the Ecumenical Temple
  5891 | Temple   | Became a worshipper of Warmaster Okawaru
  6114 | D:7      | Reached XP level 9. HP: 46/72 MP: 14/14
  6346 | D:7      | Reached * piety under Okawaru
  7330 | D:7      | Reached skill level 5 in Invocations
  7714 | D:8      | Reached ** piety under Okawaru
  7917 | D:8      | Noticed a cyclops
  7927 | D:8      | HP: 1/74 [cyclops (15)]
  7931 | D:8      | Killed a cyclops
  7932 | D:8      | Reached XP level 10. HP: 2/80 MP: 15/17
  8001 | D:8      | HP: 3/80 [wyvern zombie (8)]
  8509 | D:8      | Reached *** piety under Okawaru
  8510 | D:8      | Reached skill level 5 in Short Blades
  8510 | D:8      | Reached skill level 5 in Long Blades
  8510 | D:8      | Reached skill level 5 in Maces & Flails
  8510 | D:8      | Reached skill level 5 in Polearms
  8510 | D:8      | Reached skill level 5 in Staves
  8510 | D:8      | Reached skill level 5 in Slings
  8510 | D:8      | Reached skill level 5 in Bows
  8510 | D:8      | Reached skill level 5 in Crossbows
  8510 | D:8      | Reached skill level 5 in Throwing
  8510 | D:8      | Reached skill level 5 in Dodging
  8510 | D:8      | Reached skill level 5 in Stealth
  8510 | D:8      | Reached skill level 5 in Unarmed Combat
  8510 | D:8      | Reached skill level 5 in Spellcasting
  8510 | D:8      | Reached skill level 5 in Evocations
  8598 | D:8      | Quit the game

Illustrated notes

Levels and vault maps discovered:
D:1:      dpeg_arrival_rhombus, layout_rooms, serial_shops, nicolae_shop_stone,
          glass_columns_a
D:2:      layout_loops_ring, minmay_misc_feat_iff, minmay_misc_feat_nine_boxes,
          uniq_robin, uniq_jessica
D:3:      layout_loops_cross
D:4:      layout_cave_pools, minmay_a_box_with_orc_wizards_in_it, uniq_eustachio
D:5:      layout_loops_corners, minmay_misc_feat_alley
D:6:      layout_rooms, minmay_temple_entry_nine_rooms, serial_shops,
          nicolae_diamond_shop, shop, nicolae_stop_n_shop_2, minivault_27
D:7:      layout_loops_ring, minmay_checkerbox
D:8:      layout_loops_ring
Temple:   nicolae_temple_the_god_donut

Skill      XL: |  1  2  3  4  5  6  7  8  9 10 |
---------------+-------------------------------+-----
Invocations    | 1 2 3 4 5 |  5.4
Short Blades   | 1 2 3 4 5 |  5.0
Long Blades    | 1 2 3 4 5 |  5.0
Maces & Flails | 1 2 3 4 5 |  5.0
Polearms       | 1 2 3 4 5 |  5.0
Staves         | 1 2 3 4 5 |  5.0
Slings         | 1 2 3 4 5 |  5.0
Bows           | 1 2 3 4 5 |  5.0
Crossbows      | 1 2 3 4 5 |  5.0
Throwing       | 1 2 3 4 5 |  5.0
Dodging        | 1 2 3 4 5 |  5.0
Stealth        | 1 2 3 4 5 |  5.0
Unarmed Combat | 1 2 3 4 5 |  5.0
Spellcasting   | 1 2 3 4 5 |  5.0
Evocations     | 1 2 3 4 5 |  5.0
Conjurations   | 1 2 3 4 |  4.1
Hexes          | 1 2 3 4 |  4.1
Summonings     | 1 2 3 4 |  4.1
Necromancy     | 1 2 3 4 |  4.1
Translocations | 1 2 3 4 |  4.1
Transmutations | 1 2 3 4 |  4.1
Fire Magic     | 1 2 3 4 |  4.1
Ice Magic      | 1 2 3 4 |  4.1
Air Magic      | 1 2 3 4 |  4.1
Earth Magic    | 1 2 3 4 |  4.1
Poison Magic   | 1 2 3 4 |  4.1
Axes           | 5 6 |  6.8
Fighting       | 7 8 |  8.3
Armour         | 7 8 |  8.3
Shields        | 7 8 |  8.3

Action                   |  1- 3 |  4- 6 |  7- 9 | 10-12 || total
-------------------------+-------+-------+-------+-------++-------
Melee: War axe           |    80 |   151 |   297 |    49 ||   577
       Bite              |     4 |    19 |    30 |     1 ||    54
       Spear             |       |     6 |    13 |       ||    19
 Fire: Hunting sling     |       |       |    48 |       ||    48
Throw: Stone             |       |       |     5 |       ||     5
       Throwing net      |       |       |     2 |       ||     2
Evoke: Wand              |       |       |     1 |       ||     1
  Use: Scroll            |     4 |     6 |     2 |       ||    12
Armor: Scale mail        |    38 |    55 |     8 |       ||   101
       Chain mail        |       |       |   190 |    27 ||   217
Dodge: Dodged            |    21 |    52 |    66 |    15 ||   154
Block: Kite shield       |    42 |    97 |   187 |    28 ||   354
